 Dungeon Crawl Stone Soup version 0.24.0-37-gcf1ca852f1 (webtiles) character file.

Game seed: 9726057288429858814, levelgen mode: deterministic

106 Delamore the Chopper (level 4, -12/39 HPs)
             Began as a Hill Orc Fighter on Nov 29, 2019.
             Mangled by an ogre
             ... wielding a cursed +0 giant club
              (18 damage)
             ... on level 3 of the Dungeon on Nov 30, 2019.
             The game lasted 00:01:46 (1868 turns).

Delamore the Chopper (Hill Orc Fighter)             Turns: 1868, Time: 00:01:47

Health: -12/39     AC:  8    Str: 19    XL:     4   Next: 84%
Magic:  4/4        EV:  7    Int:  8    God:
Gold:   85         SH:  9    Dex: 10    Spells: 3/3 levels left

rFire    . . .     SeeInvis .   a - +0 war axe
rCold    . . .     Gourm    .   c - +0 shield
rNeg     . . .     Faith    .   b - +0 scale mail
rPois    .         Spirit   .   (no helmet)
rElec    .         Reflect  .   s - +0 cloak (curse)
rCorr    .         Harm     .   (no gloves)
MR       .....                  (no boots)
Stlth    ..........             (no amulet)
HPRegen  0.13/turn              (no ring)
MPRegen  0.09/turn              (no ring)

@: no status effects
A: no striking features
a: no special abilities


You were on level 3 of the Dungeon.
You were not hungry.

You visited 1 branch of the dungeon, and saw 3 of its levels.

You collected 85 gold pieces.

Inventory:

Hand Weapons
 a - a +0 war axe (weapon)
Armour
 b - a +0 scale mail (worn)
 c - a +0 shield (worn)
 s - a cursed +0 cloak (worn)
Jewellery
 o - an uncursed amulet of magic regeneration
Scrolls
 g - a scroll of immolation {unknown}
 j - 2 scrolls of teleportation {unknown}
 l - 2 scrolls of identify {unknown}
 m - a scroll of enchant armour {unknown}
 q - a scroll of fear {unknown}
Potions
 d - 3 potions of might
 e - a potion of agility {unknown}
 h - a potion of curing {unknown}
 i - a potion of cancellation {unknown}
 k - a potion of heal wounds {unknown}
 n - a potion of lignification {unknown}
 r - a potion of invisibility {unknown}
 t - a potion of ambrosia {unknown}
 u - a potion of degeneration {unknown}
Comestibles
 f - 5 rations


   Skills:
 - Level 3.6 Fighting
 + Level 6.4 Axes
 - Level 3.2 Armour
 - Level 3.2 Shields


You had 3 spell levels left.
You didn't know any spells.
Your spell library was empty.

Dungeon Overview and Level Annotations

Branches:
Dungeon (3/15)

Altars:
Gozag
Yredelemnul

Annotations:
D:3 2 transporters


Message History

The goblin shoots a stone.
The stone hits you but does no damage. The rat bites you.
* * * LOW HITPOINT WARNING * * *
You slash the ogre!
The ogre is almost dead.
You slash the rat!
You kill the rat!
The ogre barely misses you.
The goblin shoots a stone.
You block the stone.
You closely miss the ogre.
The ogre is almost dead.
The ogre completely misses you.
The goblin shoots a stone.
The stone barely misses you.
Your shield prevents you from hitting the ogre.
The ogre is almost dead.
You block the ogre's attack.
The goblin shoots a stone.
The stone hits you but does no damage.
The goblin shoots a stone.
The stone hits you but does no damage.
A frilled lizard comes into view.
The ogre hits you with a cursed +0 giant club!!
You die...

$_. .. .. .$$$......
.l....#.#.###
..#.#.#.....
...........
#######g#.##
.5o#P8#O)..#
#P.#≈≈≈≈≈≈≈#.P#.@#.####
#$.#..≈P≈..#..#.......#
#©$+..≈⌠P..+/©#©...##.#
#$.#..P≈≈..#..#...(#
#P.#≈≈≈≈≈≈≈#.P#....##.#
#8≈#....55o#P8#........
###############.##.....
................# ###.#
#########.##....# .#


You could see an ogre, 2 orc priests, 2 shadow imps, a goblin and a frilled
lizard (wandering).

Vanquished Creatures
  5 adders
  A worm (D:2)
  3 dart slugs
  6 orcs (D:3)
  7 bats
  2 gnoll zombies (D:2)
  2 hobgoblins (D:1)
  7 jackals (D:1)
  3 frilled lizards
  4 goblins
  4 kobolds
  6 rats
50 creatures vanquished.

Notes
Turn   | Place    | Note
-------+----------+-------------------------------------------
     0 | D:1      | Delamore the Hill Orc Fighter began the quest for the Orb.
     0 | D:1      | Reached XP level 1. HP: 19/19 MP: 1/1
   106 | D:1      | Reached skill level 3 in Axes
   129 | D:1      | Reached XP level 2. HP: 12/26 MP: 2/2
   329 | D:1      | Reached skill level 4 in Axes
   724 | D:1      | Reached XP level 3. HP: 25/31 MP: 3/3
  1055 | D:2      | Reached skill level 5 in Axes
  1427 | D:2      | Reached XP level 4. HP: 39/39 MP: 4/4
  1491 | D:2      | Found a basalt altar of Yredelemnul.
  1598 | D:3      | Reached skill level 6 in Axes
  1829 | D:3      | Found a transporter.
  1832 | D:3      | Found a transporter.
  1854 | D:3      | Found an opulent altar of Gozag.
  1854 | D:3      | Noticed an ogre
  1868 | D:3      | Mangled by an ogre

Levels and vault maps discovered:
D:1:      lemuel_arrival_lava_pool, layout_basic
D:2:      layout_basic, lemuel_zombie_altar_yredelemnul
D:3:      gammafunk_wand_slinger, layout_loops_ring,
          grunt_temple_overflow_lords_of_destruction, nicolae_gozag_seed_capital

Skill      XL: |  1  2  3  4 |
---------------+-------------+-----
Axes           | 3 4 5 6 |  6.4
Fighting       | |  3.6
Armour         | |  3.2
Shields        | |  3.2

Action                   |  1- 3 |  4- 6 || total
-------------------------+-------+-------++-------
Melee: War axe           |   112 |    42 ||   154
  Eat: Chunk             |     2 |     1 ||     3
Armor: Scale mail        |    63 |    16 ||    79
Dodge: Dodged            |    54 |    12 ||    66
Block: Shield            |    90 |    24 ||   114
